 Dungeon Crawl Stone Soup version 0.30.1-11-g7821555f0a (webtiles) character file.

Game seed: 4482711523859637343

22 Psyclone the Conjurer (level 2, 15/15 HPs)
             Began as a Deep Elf Conjurer on Nov 7, 2023.
             Quit the game on level 1 of the Dungeon.
             The game lasted 00:02:02 (945 turns).

Psyclone the Conjurer (Deep Elf Conjurer)            Turns: 945, Time: 00:02:03

Health: 15/15      AC:  4    Str: 10    XL:     2   Next: 68%
Magic:  8/8        EV: 12    Int: 22    God:
Gold:   27         SH:  0    Dex: 13    Spells: 5/8 levels left

rFire   . . .        f - +0 short sword
rCold   . . .        (no shield)
rNeg    . . .        a - +0 robe
rPois   .            (no helmet)
rElec   .            c - +1 cloak
rCorr   .            (no gloves)
SInv    .            (no boots)
Will    .....        (no amulet)
Stlth   ++           h - +6 ring of strength
HPRegen 0.22/turn    (no ring)
MPRegen 0.11/turn

%: no passive effects
@: no status effects
A: no striking features
a: no special abilities


You were on level 1 of the Dungeon.
You visited 1 branch of the dungeon, and saw 1 of its levels.

You collected 27 gold pieces.

Inventory:

Hand Weapons
 f - a +0 short sword (weapon)
Armour
 a - a +0 robe (worn)
 c - a +1 cloak (worn)
Jewellery
 h - a +6 ring of strength (left hand)
Scrolls
 e - a scroll of summoning
 g - a scroll of poison
Potions
 b - a potion of magic


   Skills:
 - Level 2.4 Dodging
 - Level 2.4 Stealth
 + Level 3.5 Spellcasting
 * Level 5.0 Conjurations


You had 5 spell levels left.
You knew the following spells:

 Your Spells              Type           Power      Damage    Failure   Level
a - Magic Dart            Conj           100%       1d8       1%          1
b - Searing Ray           Conj           52%        2d6       2%          2

Your spell library contained the following spells:

 Spells                   Type           Power      Damage    Failure   Level
 Dazzling Flash           Conj/Hex       30%        N/A       12%         3
 Mephitic Cloud           Conj/Pois/Air  11%        N/A       17%         3
 Call Imp                 Summ           6%         N/A       19%         2
 Fulminant Prism          Conj/Hex       7%         3d7       38%         4
 Iskenderun's Mystic Bla  Conj/Tloc      15%        2d5       38%         4


Dungeon Overview and Level Annotations

Branches:
Dungeon (1/15) Zot: 5056

Altars:


Message History

You hit the withered plant.
The withered plant begins to crumble.
The withered plant is lightly damaged.
You hit the withered plant.
The withered plant is lightly damaged.
You hit the withered plant.
The withered plant is lightly damaged.
You hit the withered plant.
The withered plant is lightly damaged.
The withered plant crumbles away.
You hit the plant.
The plant begins to die.
The plant is lightly damaged.
You hit the plant.
The plant is lightly damaged.
You hit the plant.
The plant is lightly damaged.
You hit the plant.
The plant is lightly damaged.
You hit the plant.
The plant is lightly damaged.
A nearby plant withers and dies.
There is an open door here.
Done exploring.
There is an open door here.
There is a faded altar of an unknown god here.
As you read the scroll labelled HALUERGHOOPN, it crumbles to dust.
You feel strangely unstable.
It was a scroll of teleportation.
As you read the scroll labelled NOSOYM QYFERREZI, it crumbles to dust.
Wisps of shadow whirl around you...
It was a scroll of summoning.
The air fills with toxic fumes!
As you read the scroll labelled RIATUU KUJEMM, it crumbles to dust.
It was a scroll of poison.
Your quokka bites the withered plant.
The withered plant begins to crumble.
As you read the scroll labelled SEISOW MONAYS, it crumbles to dust.
It is a scroll of enchant armour.
Your +0 cloak glows green for a moment.
Your quokka bites the withered plant.
Okay, then.
You start waiting.
Your surroundings suddenly seem different.
Okay, then.
Are you sure you want to abandon this character and quit the game? (Confirm with "yes".)

##.............#####
##...................
#............#.......
###........#####.......
#.........######.####..
#.###.....#......# ##..
#.+<'.......###### #...
#.###....)### ####..#
#.....@...# #...^.#
###.......## ###.###.#
##.......####...# #.#
####....#..##..### #..
#####..........##.## ##..
##.#.#.#.#.#.....#.#####..#
#..............#...#.....##
##.#.#.#.#.#####..##.#####
#...........# ##.....#


There were no monsters in sight!

Vanquished Creatures
  4 endoplasms (D:1)
  2 hobgoblins (D:1)
  2 quokkas (D:1)
  4 ball pythons (D:1)
  2 bats (D:1)
  2 frilled lizards (D:1)
  5 kobolds (D:1)
21 creatures vanquished.

Notes
Turn   | Place    | Note
-------+----------+-------------------------------------------
     0 | D:1      | Psyclone the Deep Elf Conjurer began the quest for the Orb.
     0 | D:1      | Reached XP level 1. HP: 10/10 MP: 6/6
   160 | D:1      | Reached XP level 2. HP: 15/15 MP: 0/8
   314 | D:1      | Learned a level 2 spell: Searing Ray
   550 | D:1      | Reached skill level 5 in Conjurations
   833 | D:1      | Found a faded altar of an unknown god.
   945 | D:1      | Quit the game

Illustrated notes

Levels and vault maps discovered:
D:1:      dpeg_arrival_tiny_d, layout_rooms,
          shapermc_ecumenical_altar_flowoftime, st_stairs_10

Skill      XL: |  1  2 |
---------------+-------+-----
Conjurations   | 5 |  5.0
Dodging        | |  2.4
Stealth        | |  2.4
Spellcasting   | |  3.5

Action                     || total
---------------------------++-------
  Melee: Unarmed           ||     2
         Short sword       ||    26
   Cast: Magic Dart        ||    35
    Use: Scroll            ||     4
 Armour: Robe              ||     6
  Dodge: Dodged            ||     8
